 Seeded DCSS version 0.28.0 (webtiles) character file.

Game seed: 10379525442082979767 (custom seed)

1372 hikkokomori the Shield-Bearer (level 8, -2/65 HPs)
             Began as a Formicid Fighter on Feb 16, 2022.
             Slain by Duvessa (6 damage)
             ... on level 5 of the Dungeon.
             The game lasted 00:10:07 (6335 turns).

hikkokomori the Shield-Bearer (Formicid Fighter)    Turns: 6335, Time: 00:10:07

Health: -2/65      AC: 10    Str: 23    XL:     8   Next: 98%
Magic:  8/8        EV:  8    Int:  8    God:
Gold:   101        SH:  5    Dex: 10    Spells: 7/7 levels left

rFire   . . .      SeeInvis +   l - +0 halberd (venom)
rCold   . . .      Faith    .   c - +0 buckler
rNeg    . . .      Spirit   .   j - +0 chain mail
rPois   .          Reflect  .   (helmet unavailable)
rElec   .          Harm     .   (no cloak)
rCorr   .          Rampage  .   (no gloves)
Will    .....                   (no boots)
Stlth   ..........              (no amulet)
HPRegen 0.20/turn               (no ring)
MPRegen 0.11/turn               (no ring)

@: mighty
A: permanent stasis, dig shafts and tunnels, antennae 3, four strong arms
a: Dig, Shaft Self


You were on level 5 of the Dungeon.
You visited 1 branch of the dungeon, and saw 5 of its levels.

You collected 129 gold pieces.
You spent 28 gold pieces at shops.

Inventory:

Hand Weapons
 a - a +0 war axe
 l - a +0 halberd of venom (weapon)
Armour
 b - a +0 scale mail
 c - a +0 buckler (worn)
 j - a +0 chain mail (worn)
Scrolls
 f - a scroll of magic mapping {unknown}
 h - a scroll of teleportation
 k - a scroll of fear {unknown}
 m - a scroll of blinking {unknown}
 n - a scroll of amnesia {unknown}
 p - a scroll of fog
 q - a scroll of enchant weapon
 r - a scroll of torment {unknown}
Potions
 e - a potion of degeneration {unknown}
 i - a potion of brilliance {unknown}
 o - a potion of attraction {unknown}


   Skills:
 + Level 6.6 Fighting
 - Level 3.5(4.4) Axes
 + Level 4.0(4.7) Polearms
 + Level 6.6 Armour
 - Level 6.7 Shields


You had 7 spell levels left.
You didn't know any spells.
Your spell library contained the following spells:

 Spells                   Type           Power      Damage    Failure   Level
 Static Discharge         Conj/Air       0%         N/A       99%         2
 Dispel Undead            Necr           0%         3d6       100%        4
 Sticky Flame             Conj/Fire      0%         2d3       100%        4


Dungeon Overview and Level Annotations

Branches:
Dungeon (5/15)
 Temple: D:4-7

Altars:

Shops:
D:3 ?

Annotations:
D:5 Duvessa, Ijyb


Innate Abilities, Weirdness & Mutations

You cannot be hasted, slowed, berserked, paralysed or teleported.
You can dig through walls and to a lower floor.
You have a pair of large antennae on your head. (SInv)
Your four strong arms can wield two-handed weapons with a shield.


Message History

Duvessa, Sister of Dowan comes into view.
She is wielding a +0 short sword.
You hit Dowan.
Dowan looks as sick as possible!
Dowan is almost dead.
Duvessa gestures with her weapon.
Dowan hits you but does no damage.
You barely miss Dowan.
Dowan is almost dead.
You kill Dowan!
Duvessa screams, "No!
How DARE you!"
Duvessa goes berserk!
Duvessa hits you with a +0 short sword!
Your Polearms skill increases to level 4!
You puncture Duvessa!
Duvessa is poisoned.
Duvessa is moderately wounded.
Duvessa hits you with a +0 short sword! Duvessa hits you with a +0 short sword.
You barely miss Duvessa.
Duvessa is moderately wounded.
You block Duvessa's attack.
You barely miss Duvessa.
Duvessa is moderately wounded.
Duvessa closely misses you. Duvessa hits you with a +0 short sword!
You are too injured to fight recklessly!
You are too injured to fight recklessly!
Okay, then.
You block Duvessa's attack.
You hit Duvessa but do no damage.
Duvessa looks as sick as possible!
Duvessa is moderately wounded.
Duvessa hits you with a +0 short sword. Duvessa hits you with a +0 short sword!
* * * LOW HITPOINT WARNING * * *
Duvessa hits you with a +0 short sword!
* * * LOW HITPOINT WARNING * * *
You feel better. Duvessa hits you with a +0 short sword!
* * * LOW HITPOINT WARNING * * *
Duvessa misses you.
You feel very mighty all of a sudden. Duvessa hits you with a +0 short sword.
* * * LOW HITPOINT WARNING * * *
You puncture Duvessa!
Duvessa looks as sick as possible!
Duvessa is heavily wounded.
Duvessa hits you but does no damage. Duvessa hits you with a +0 short sword.
You die...

...... ..... . ....#. #....
#.## ###### #..## .. ##P.P
#.##.####..$##...
###P...##.#....#.........
#.#....#.................
##.#.P..#..@e)............
#..#P...................#.
#..###.......##.........#
######...###....#######.......
##...##..#÷).....# .......
#....##..#.....†.#######.......
....##.............≈≈≈.........
.................####### .....
#...(..............#


You could see Duvessa (berserk, extremely poisoned).

Vanquished Creatures
  Prince Ribbit (D:5)
  Sigmund (D:3)
  Eustachio (D:4)
  Edmund (D:4)
  A sky beast (D:5)
  Blork the orc (D:4)
  5 killer bees (D:4)
  Dowan (D:5)
  A centaur zombie (D:5)
  2 iguanas
  An orc wizard (D:4)
  Robin (D:4)
  8 gnolls
  4 adders
  An adder skeleton (D:4)
  A worm (D:3)
  4 dart slugs
  4 orcs (D:4)
  An endoplasm (D:3)
  5 giant cockroaches
  13 goblins
  4 hobgoblins
  2 jackals (D:4)
  8 kobolds
  2 quokkas
  8 ball pythons
  9 bats
  11 frilled lizards
  3 rats
105 creatures vanquished.

Vanquished Creatures (others)
  2 plants (D:5)
2 creatures vanquished.

Grand Total: 107 creatures vanquished

Notes
Turn   | Place    | Note
-------+----------+-------------------------------------------
     0 | D:1      | hikkokomori the Formicid Fighter began the quest for the
                  | Orb.
     0 | D:1      | Reached XP level 1. HP: 18/18 MP: 1/1
   252 | D:1      | Reached XP level 2. HP: 24/24 MP: 2/2
   906 | D:2      | Reached XP level 3. HP: 27/29 MP: 3/3
  1730 | D:2      | Reached XP level 4. HP: 37/37 MP: 4/4
  2066 | D:3      | Found Vynolin's Magic Scroll Boutique.
  2073 | D:3      | Bought a scroll of identify for 28 gold pieces
  2788 | D:3      | Reached XP level 5. HP: 41/42 MP: 5/5
  2801 | D:3      | Noticed Sigmund
  2813 | D:3      | Killed Sigmund
  2814 | D:3      | Reached skill level 5 in Shields
  2814 | D:3      | Reached XP level 6. HP: 19/49 MP: 6/6
  3041 | D:3      | Found a faded altar of an unknown god.
  3487 | D:4      | Noticed Robin
  3734 | D:4      | Killed Robin
  4044 | D:4      | Reached XP level 7. HP: 38/55 MP: 7/7
  4167 | D:4      | Reached skill level 1 in Polearms
  4186 | D:4      | Noticed Blork the orc
  4195 | D:4      | Killed Blork the orc
  4196 | D:4      | Reached skill level 5 in Fighting
  4196 | D:4      | Reached skill level 5 in Armour
  4896 | D:4      | Noticed Edmund
  4912 | D:4      | Killed Edmund
  5287 | D:5      | Entered Level 5 of the Dungeon
  5287 | D:5      | Noticed Ijyb
  5287 | D:5      | Noticed a water moccasin
  5319 | D:4      | Reached XP level 8. HP: 7/63 MP: 8/8
  5604 | D:5      | Noticed Eustachio
  5634 | D:4      | Killed Eustachio
  6063 | D:5      | Noticed Prince Ribbit
  6074 | D:5      | Killed Prince Ribbit
  6312 | D:5      | Noticed Dowan
  6323 | D:5      | Noticed Duvessa
  6325 | D:5      | Killed Dowan
  6334 | D:5      | HP: 3/65 [Duvessa (3)]
  6335 | D:5      | Slain by Duvessa

Illustrated notes

Levels and vault maps discovered:
D:1:      minmay_arrival_arboretum_small, layout_basic
D:2:      layout_basic
D:3:      layout_loops_cross, serial_shops, nicolae_shop_hallway_stairs,
          ebering_ecumenical_altar_ruins, uniq_sigmund
D:4:      layout_loops_corners, kennysheep_generic_room_2, uniq_blork_the_orc,
          uniq_edmund, uniq_robin
D:5:      layout_cave_pools, corexii_corridor_pit, minmay_lizard_king,
          uniq_eustachio, uniq_ijyb, uniq_duvessa, uniq_prince_ribbit1

Skill      XL: |  1  2  3  4  5  6  7  8 |
---------------+-------------------------+-----
Shields        | 4 5 6 |  6.7
Fighting       | 4 5 6 |  6.6
Armour         | 4 5 6 |  6.6
Axes           | 3 |  3.5
Polearms       | 2 4 |  4.0

Action                   |  1- 3 |  4- 6 |  7- 9 || total
-------------------------+-------+-------+-------++-------
Melee: War axe           |   103 |     5 |       ||   108
       Halberd           |       |   117 |   157 ||   274
 Abil: Dig               |       |       |     2 ||     2
  Use: Scroll            |       |     4 |     2 ||     6
       Potion            |       |       |     3 ||     3
Armor: Scale mail        |    58 |       |       ||    58
       Chain mail        |     1 |    83 |    81 ||   165
Dodge: Dodged            |    72 |    68 |    66 ||   206
Block: Buckler           |    38 |    41 |    41 ||   120
